 Dungeon Crawl Stone Soup version 0.20-a0-522-g0b37eee (webtiles) character file.

1015 Kaname the Reanimator (level 8, 49/56 HPs)
             Began as a Demonspawn Necromancer on Jan 26, 2017.
             Was a Follower of Vehumet.
             Quit the game on level 5 of the Dungeon.
             The game lasted 00:23:06 (7152 turns).

Kaname the Reanimator (Demonspawn Necromancer)      Turns: 7152, Time: 00:23:07

Health: 49/56      AC:  5    Str:  8    XL:     8   Next: 1%
Magic:  11/11      EV: 12    Int: 19    God:    Vehumet [*.....]
Gold:   226        SH:  0    Dex: 14    Spells: 3/11 levels left

rFire    . . .     SeeInvis .   j - +1 dagger (venom)
rCold    . . .     Gourm    .   v - +0 ring mail {MR+}
rNeg     + . .     Faith    .   (no shield)
rPois    .         Spirit   .   (no helmet)
rElec    .         Reflect  .   (no cloak)
rCorr    .         Harm     .   (no gloves)
MR       +....                  (no boots)
Stlth    ++........             (no amulet)
Regen    1.2/turn               t - ring of positive energy
                                s - ring of stealth

@: no status effects
A: repulsion field 1, powered by death 1, rot immunity
a: Renounce Religion


You were on level 5 of the Dungeon.
You worshipped Vehumet.
Vehumet was aware of your devotion.
You were hungry.

You visited 2 branches of the dungeon, and saw 6 of its levels.

You collected 226 gold pieces.

Inventory:

Hand Weapons
 j - a +1 dagger of venom (weapon)
 D - a +0 trident
Missiles
 a - 6 needles of sleeping
 f - 60 poisoned needles
 o - 8 javelins (quivered)
Armour
 v - a +0 ring mail of magic resistance (worn)
 y - a +0 helmet
Jewellery
 s - a ring of stealth (left hand)
 t - a ring of positive energy (right hand)
Wands
 C - a wand of flame (9/48)
Scrolls
 g - a scroll of noise {unknown}
 h - a scroll of fear
 k - a scroll of blinking {unknown}
 l - 6 scrolls of teleportation
 m - 3 scrolls of immolation
 n - 3 scrolls of enchant weapon {unknown}
 q - a scroll of random uselessness {unknown}
 r - 2 scrolls of enchant armour {unknown}
 u - a scroll of fog {unknown}
 A - 3 scrolls of remove curse
Potions
 d - a potion of beneficial mutation {unknown}
 e - 2 potions of lignification {unknown}
 i - 2 potions of heal wounds
 p - a potion of mutation {unknown}
 z - a potion of cure mutation {unknown}
 B - 2 potions of curing {unknown}
Books
 b - a book of Necromancy

   Spells                             Type                      Level
   a - Pain                           Necromancy                   1
   b - Animate Skeleton               Necromancy                   1
   c - Vampiric Draining              Necromancy                   3
   d - Regeneration                   Charms/Necromancy            3
   e - Animate Dead                   Necromancy                   4
   f - Control Undead                 Necromancy                   4
Comestibles
 c - 6 bread rations
 x - a royal jelly


   Skills:
 - Level 2.2 Fighting
 + Level 5.7 Polearms
 - Level 1.7 Dodging
 - Level 1.7 Stealth
 - Level 2.0 Spellcasting
 - Level 8.1 Necromancy


You had 3 spell levels left.
You knew the following spells:

 Your Spells              Type           Power        Failure   Level  Hunger
a - Pain                  Necr           ####         1%          1    #......
b - Animate Dead          Necr           N/A          21%         4    #####..
c - Vampiric Draining     Necr           ####......   8%          3    ###....


Dungeon Overview and Level Annotations

Branches:
Dungeon (5/15)             Temple (1/1) D:4

Altars:
Cheibriados
Elyvilon
Ru
Vehumet
Xom

Annotations:
D:4 Vesto's ghost, weakling HOFi


Innate Abilities, Weirdness & Mutations

You are surrounded by a mild repulsion field. (EV +2)
You regenerate a little health from kills.
You are immune to rotting.


Message History

You now have 226 gold pieces (gained 16).
k - a scroll labeled HAUQUZ MALAPI An iguana comes into view.
An iguana is nearby!
Casting: Pain
Confirm with . or Enter, or press ? or * to list all spells.
Okay, then.
The helpless iguana fails to defend itself.
You hit the iguana.
The iguana is poisoned.
The iguana is moderately wounded.
The iguana bites you!
You hit the iguana.
The iguana looks as sick as possible!
The iguana is moderately wounded.
The iguana closely misses you.
You kill the iguana!
Vehumet accepts your kill.
You have reached level 8!
You feel clever.
Your demonic ancestry asserts itself...
You begin to radiate repulsive energy.
Are you sure you want to abandon this character and quit the game? (Confirm with "yes".)

##########
#........#
#.######.# #.#
####@#######
#####.###...........
#.........##†#######
#.###....###.# ####
#......#.# ...#
#....#.#.# ####
######.### ..# #...#
.## #...#


There were no monsters in sight!

Vanquished Creatures
  2 ogres (D:5)
  A howler monkey (D:4)
  2 hounds
  2 orc priests (D:4)
  5 orc wizards
  2 bullfrog skeletons
  3 iguanas
  Jessica (D:3)
  6 worker ants
  A mummy (D:4)
  Robin (D:3)
  A gnoll (D:1)
  8 adders
  3 oozes
  A worm (D:4)
  4 dart slugs
  A leopard gecko (D:3)
  15 orcs
  A ball python (D:3)
  3 giant cockroaches
  10 hobgoblins
  7 jackals
  12 kobolds
  2 quokkas
  6 bats
  3 frilled lizards
  16 goblins
  A hobgoblin zombie (D:4)
  3 orc zombies (D:4)
  9 rats
132 creatures vanquished.

Notes
Turn   | Place    | Note
-------+----------+-------------------------------------------
     0 | D:1      | Kaname the Demonspawn Necromancer began the quest for the Orb.
     0 | D:1      | Reached XP level 1. HP: 13/13 MP: 3/3
    44 | D:1      | Reached skill level 1 in Fighting
   202 | D:1      | Gained mutation: You are immune to rotting. [demonic ancestry]
   202 | D:1      | Reached XP level 2. HP: 20/21 MP: 1/5
   205 | D:1      | Learned a level 1 spell: Animate Skeleton
  1005 | D:2      | Reached XP level 3. HP: 23/27 MP: 6/6
  1038 | D:2      | Found a faded altar of an unknown god.
  1064 | D:2      | You fall through a shaft!
  1106 | D:2      | Reached skill level 5 in Necromancy
  1111 | D:2      | Learned a level 3 spell: Vampiric Draining
  1939 | D:2      | Reached XP level 4. HP: 18/33 MP: 3/7
  2327 | D:3      | Noticed Jessica
  2333 | D:3      | Killed Jessica
  2333 | D:3      | Reached skill level 6 in Necromancy
  2989 | D:3      | Gained mutation: You regenerate a little health from kills. [demonic ancestry]
  2989 | D:3      | Reached XP level 5. HP: 33/38 MP: 3/8
  3004 | D:3      | Noticed Robin
  3041 | D:3      | Killed Robin
  3165 | D:3      | Reached skill level 7 in Necromancy
  3272 | D:3      | Learned a level 4 spell: Animate Dead
  4102 | D:4      | Noticed Vesto's ghost (weakling HOFi)
  4177 | D:4      | Reached XP level 6. HP: 34/44 MP: 9/9
  4301 | D:4      | Found a staircase to the Ecumenical Temple.
  4438 | Temple   | Entered the Ecumenical Temple
  4525 | Temple   | Became a worshipper of Vehumet
  4586 | D:4      | Reached skill level 8 in Necromancy
  4774 | D:4      | Reached skill level 1 in Polearms
  5064 | D:4      | Reached XP level 7. HP: 48/50 MP: 8/10
  5926 | D:5      | Entered Level 5 of the Dungeon
  6490 | D:5      | Reached * piety under Vehumet
  6490 | D:5      | Offered knowledge of Shock by Vehumet.
  6490 | D:5      | Reached skill level 5 in Polearms
  7151 | D:5      | Gained mutation: You are surrounded by a mild repulsion field. (EV +2) [demonic ancestry]
  7151 | D:5      | Reached XP level 8. HP: 49/56 MP: 11/11
  7152 | D:5      | Quit the game

Vault maps used:
D:1:      dpeg_arrival_oval
D:2:      first_bread, chequers_ecumenical_altar_island, corexii_corridor_pit,
          minmay_misc_feat_doors
D:3:      minmay_close_crescents, uniq_robin, uniq_jessica
D:4:      temple_statues, minmay_misc_feat_square, minmay_mini_ossuary
D:5:      grunt_temple_overflow_holy_war
Temple:   minmay_temple_forest_path

Skill      XL: |  1  2  3  4  5  6  7 |
---------------+----------------------+-----
Fighting       | 1 2 |  2.2
Necromancy     | 5 6 7 8 |  8.1
Polearms       | 2 5 |  5.7
Dodging        | |  1.7
Stealth        | |  1.7
Spellcasting   | |  2.0

Action                   |  1- 3 |  4- 6 |  7- 9 || total
-------------------------+-------+-------+-------++-------
Melee: Short sword       |     9 |       |       ||     9
       Dagger            |    92 |   164 |    83 ||   339
       Spear             |     6 |       |       ||     6
       Trident           |       |     7 |    80 ||    87
 Cast: Pain              |    20 |    49 |    26 ||    95
       Animate Skeleton  |       |     1 |       ||     1
       Vampiric Draining |       |     5 |     8 ||    13
Evoke: Wand              |       |       |     2 ||     2
  Use: Scroll            |       |     7 |       ||     7
 Stab: Sleeping          |     8 |     3 |     2 ||    13
       Distracted        |       |     1 |       ||     1
  Eat: Chunk             |     4 |     6 |     6 ||    16
       Fruit             |       |     2 |       ||     2
       Bread ration      |       |     1 |       ||     1
Armor: Robe              |    12 |       |       ||    12
       Ring mail         |       |    30 |    49 ||    79
Dodge: Dodged            |    62 |    71 |    68 ||   201
